 Dungeon Crawl Stone Soup version 0.24-a0-464-g6b2be6b8c7 (webtiles) character file.

Game seed: 4800259342692031914

82 Inquire the Skirmisher (level 4, -20/54 HPs)
             Began as a Demonspawn Chaos Knight on July 3, 2019.
             Was a Plaything of Xom.
             Demolished by an ice devil (23 damage)
             ... summoned by Xom
             ... on level 3 of the Dungeon.
             The game lasted 00:03:50 (2453 turns).

Inquire the Skirmisher (Demonspawn Chaos Knight)    Turns: 2453, Time: 00:03:51

Health: -20/54     AC:  6    Str: 17    XL:     4   Next: 21%
Magic:  4/4        EV: 12    Int: 13    God:    Xom [......]
Gold:   72         SH:  0    Dex: 14    Spells: 3/3 levels left

rFire    . . .     SeeInvis +     - Unarmed
rCold    . . .     Gourm    .   (no shield)
rNeg     . . .     Faith    .   b - +2 leather armour
rPois    .         Spirit   .   (helmet restricted)
rElec    .         Reflect  .   o - +0 cloak
rCorr    .         Harm     .   (no gloves)
MR       .....                  (no boots)
Stlth    ..........             (no amulet)
HPRegen  0.18/turn              j - ring of flight
MPRegen  0.09/turn              m - ring of see invisible

@: berserking, very slightly contaminated, very quick
A: claws 1, hooves 1, horns 1
a: Renounce Religion, Evoke Flight


You were on level 3 of the Dungeon.
You worshipped Xom.
You were a very special plaything of Xom.
You were not hungry.

You visited 1 branch of the dungeon, and saw 3 of its levels.

You collected 72 gold pieces.

Inventory:

Hand Weapons
 a - a +0 mace of chaos
 k - a +0 hunting sling
Missiles
 e - 61 sling bullets
 h - 5 boomerangs (quivered)
Armour
 b - a +2 leather armour (worn)
 o - a +0 cloak (worn)
Jewellery
 j - a ring of flight (left claw)
 m - a ring of see invisible (right claw)
Scrolls
 g - 2 scrolls of amnesia
Potions
 f - a potion of brilliance
 i - a potion of flight
Comestibles
 c - 8 rations
 l - 2 chunks of flesh


   Skills:
 + Level 3.6 Fighting
 - Level 2.9 Maces & Flails
 + Level 2.2 Armour
 + Level 1.8 Dodging
 * Level 1.6 Unarmed Combat


You had 3 spell levels left.
You didn't know any spells.
Your spell library was empty.

Dungeon Overview and Level Annotations

Branches:
Dungeon (3/15)

Altars:


Innate Abilities, Weirdness & Mutations

You have sharp fingernails.
You have large cloven feet.
You have a pair of small horns on your head.


Message History

Unknown command.
You closely miss the shadow imp. You kick the shadow imp!
You headbutt the shadow imp.
You kill the shadow imp!
The goblin hits you with a +0 club. The ice devil hits you.
The ice devil freezes you!
Unknown command.
You barely miss the goblin. The goblin hits you with a +0 club.
Unknown command.
You barely miss the goblin. Your headbutt misses the goblin.
The ice devil hits you! The ice devil freezes you!
* * * LOW HITPOINT WARNING * * *
Xom is amused.
You claw the goblin!
You kill the goblin!
The ice devil hits you.
* * * LOW HITPOINT WARNING * * *
The ice devil freezes you!!
You die...
Xom giggles madly!

#.......#
#.......#
#.......####
#..........#
#..........#
#..........#
#..........#
#.....)†4..#
#.....†@####
#########


You could see an ice devil.

Vanquished Creatures
  2 adders
  2 worms (D:2)
  A dart slug (D:1)
  A leopard gecko (D:2)
  An orc (D:3)
  4 giant cockroaches
  8 goblins
  4 hobgoblins
  7 jackals
  9 kobolds
  7 bats
  A frilled lizard (D:1)
  A rat (D:2)
48 creatures vanquished.

Notes
Turn   | Place    | Note
-------+----------+-------------------------------------------
     0 | D:1      | Inquire the Demonspawn Chaos Knight began the quest for the
                  | Orb.
     0 | D:1      | Reached XP level 1. HP: 18/18 MP: 1/1
   113 | D:1      | Reached skill level 1 in Dodging
   171 | D:1      | XOM: silly message
   183 | D:1      | Gained mutation: You have a pair of small horns on your
                  | head. [demonic ancestry]
   183 | D:1      | Reached XP level 2. HP: 24/24 MP: 2/2
  1121 | D:1      | XOM is BORED!
  1121 | D:1      | XOM: mild Chrm miscast
  1186 | D:2      | XOM: divination: magic mapping
  1187 | D:2      | Gained mutation: You have large cloven feet. [demonic
                  | ancestry]
  1187 | D:2      | Reached XP level 3. HP: 29/29 MP: 3/3
  1273 | D:2      | XOM: harmless Tmut miscast
  1294 | D:2      | XOM: divination: magic mapping
  1368 | D:2      | XOM: mild Tloc miscast
  1511 | D:2      | Reached skill level 1 in Unarmed Combat
  1533 | D:2      | XOM: divination: detect items
  1759 | D:2      | XOM: medium Fire miscast
  2010 | D:2      | XOM: cloud trail
  2129 | D:2      | XOM: harmless Conj miscast
  2179 | D:3      | Gained mutation: You have sharp fingernails. [demonic
                  | ancestry]
  2179 | D:3      | Reached XP level 4. HP: 24/36 MP: 4/4
  2430 | D:3      | XOM: summons 2 hostile demons
  2431 | D:3      | Noticed an ice devil
  2453 | D:3      | Demolished by an ice devil

Levels and vault maps discovered:
D:1:      giann_forest_graveyard, layout_basic, serial_forest,
          infiniplex_forest_straight_5, infiniplex_forest_clump_small,
          infiniplex_forest_straight_2, infiniplex_forest_corner_1,
          infiniplex_forest_straight_1, infiniplex_forest_straight_3,
          infiniplex_forest_clump_diagonal, hex_medium
D:2:      layout_loops_ring, first_ration
D:3:      layout_basic, due_unseen_surprise

Skill      XL: |  1  2  3 |
---------------+----------+-----
Dodging        | 1 |  1.8
Armour         | 2 |  2.2
Unarmed Combat | 1 |  1.6
Fighting       | |  3.6
Maces & Flails | |  2.9

Action                   |  1- 3 |  4- 6 || total
-------------------------+-------+-------++-------
Melee: Mace              |    53 |       ||    53
       Unarmed           |    77 |    28 ||   105
       Headbutt          |    17 |     4 ||    21
       Kick              |    19 |     7 ||    26
       Punch             |     1 |       ||     1
Throw: Boomerang         |     3 |     7 ||    10
  Use: Scroll            |     9 |     1 ||    10
       Potion            |     2 |     1 ||     3
  Eat: Chunk             |     4 |     1 ||     5
Armor: Leather armour    |    36 |    15 ||    51
Dodge: Dodged            |    82 |     9 ||    91

Table legend:
 A = Non-vault XP
 B = Vault XP
 C = Vault XP percentage of total XP
 D = Non-vault monster count
 E = Vault monster count
 F = Vault count percentage of total count
                 A         B        C        D         E       F
            +---------+---------+-------+---------+---------+-------
      Total |     118 |       0 |   0.0 |      48 |       0 |   0.0
            +---------+---------+-------+---------+---------+-------
        D:1 |      39 |       0 |   0.0 |      23 |       0 |   0.0
        D:2 |      37 |       0 |   0.0 |      10 |       0 |   0.0
        D:3 |      42 |       0 |   0.0 |      15 |       0 |   0.0
            +---------+---------+-------+---------+---------+-------
